PBL
WASHINGTON NATIONALS @ PITTSBURGH PIRATES
06/30/2071
 
TOP OF THE 1ST
Washington Nationals batting - Pitching for Pittsburgh Pirates : RHP Steve Morris
Pitching: RHP Steve Morris
Batting: RHB Cisco Jiménez 0-0: Ball
1-0: Ball
2-0: Ball
3-0: Foul Ball, location: 5F
3-1: Called Strike
3-2: Reached on error, E6 (Groundball, 56, EV 87.5 MPH)
Batting: LHB Gabriel Chacón 0-0: Ball
1-0: Foul Ball, location: 9LDF
1-1: Ball
2-1: Ball
3-1: Foul Ball, location: 3SF
3-2: SINGLE (Groundball, 5D, EV 106.9 MPH)
Cisco Jiménez to second
Batting: RHB Francisco Lafrosia 0-0: Fly out, F9 (Flyball, 89M, EV 91.9 MPH)
Batting: LHB Kyle Lynch 0-0: Called Strike
0-1: Called Strike
0-2: Ball
1-2: Foul Ball, location: 7LSF
1-2: 3-RUN HOME RUN (Flyball, 9D, EV 96.3 MPH), Distance : 372 ft
Batting: LHB Iemochi Sasaki 0-0: Ball
1-0: Called Strike
1-1: Swinging Strike
1-2: Ball
2-2: Fly out, F8 (Flyball, 8LXD, EV 106.3 MPH)
Batting: RHB Shao-qi Ng 0-0: Ground out 6-3 (Groundball, 6, EV 81.9 MPH)
Top of the 1st over - 3 runs, 2 hits, 1 error, 0 left on base; Washington 3 - Pittsburgh 0
BOTTOM OF THE 1ST
Pittsburgh Pirates batting - Pitching for Washington Nationals : LHP Dan Gallaghe
Pitching: LHP Dan Gallaghe
Batting: RHB John Simpson 0-0: Swinging Strike
0-1: Foul Ball, location: 5DF
0-2: Strikes out swinging, 2-3 out at first.
Batting: LHB Kirila Naretha 0-0: Ball
1-0: Ball
2-0: Foul Ball, location: 3F
2-1: Ball
3-1: Base on Balls
Batting: RHB Spencer Knight 0-0: Ball
1-0: Foul Ball, location: 9LMF
1-1: Ball
2-1: Ball
3-1: Base on Balls
Kirila Naretha to second
Batting: RHB Zong-yuan Yue 0-0: Called Strike
0-1: Swinging Strike
0-2: Fielders Choice at 2nd, 6-4 (Groundball, 6, EV 89.4 MPH)
Kirila Naretha to third
Batting: RHB George Alexander 0-0: Ball
1-0: Ball
2-0: Swinging Strike
2-1: Foul Ball, location: 5FF
2-2: Fly out, F3 (Popup, 3F, EV 59.4 MPH)
Bottom of the 1st over - 0 runs, 0 hits, 0 errors, 2 left on base; Washington 3 - Pittsburgh 0
TOP OF THE 2ND
Washington Nationals batting - Pitching for Pittsburgh Pirates : RHP Steve Morris
Batting: RHB Aureliano Cervantes 0-0: Called Strike
0-1: Fly out, F7 (Flyball, 7S, EV 105.6 MPH)
Batting: RHB Juan Díaz 0-0: Ball
1-0: Called Strike
1-1: Ground out 6-3 (Groundball, 6M, EV 85.6 MPH)
Batting: RHB James Cantwell 0-0: Swinging Strike
0-1: Ball
1-1: Called Strike
1-2: Ball
2-2: Fly out, F3 (Popup, 3SF, EV 75.0 MPH)
Top of the 2nd over - 0 runs, 0 hits, 0 errors, 0 left on base; Washington 3 - Pittsburgh 0
BOTTOM OF THE 2ND
Pittsburgh Pirates batting - Pitching for Washington Nationals : LHP Dan Gallaghe
Batting: RHB António Martínez 0-0: Called Strike
0-1: Ball
1-1: Called Strike
1-2: Ground out 5-3 (Groundball, 5, EV 86.9 MPH)
Batting: RHB Santiago Pérez 0-0: SINGLE (Groundball, 56D, EV 101.3 MPH)
Batting: LHB Lúcio Rivera 0-0: Ball
1-0: Ball
2-0: Foul Ball, location: 7LDF
2-1: Foul Ball, location: 23F
2-2: Strikes out swinging
Batting: RHB Luis Cervantes 0-0: Called Strike
0-1: Foul Ball, location: 23FF
0-2: SINGLE (Line Drive, 34D, EV 98.1 MPH)
Santiago Pérez to second
Batting: RHB John Simpson 0-0: Fly out, F8 (Line Drive, 78M, EV 91.3 MPH)
Bottom of the 2nd over - 0 runs, 2 hits, 0 errors, 2 left on base; Washington 3 - Pittsburgh 0
TOP OF THE 3RD
Washington Nationals batting - Pitching for Pittsburgh Pirates : RHP Steve Morris
Batting: RHB Cisco Jiménez 0-0: Ball
1-0: Ball
2-0: Ball
3-0: Called Strike
3-1: Ground out 6-3 (Groundball, 6, EV 86.9 MPH)
Batting: LHB Gabriel Chacón 0-0: Ball
1-0: Called Strike
1-1: Ball
2-1: Foul Ball, location: 2F
2-2: Foul Ball, location: 2F
2-2: Foul Ball, location: 9LSF
2-2: Ball
3-2: Foul Ball, location: 5DF
3-2: Strikes out swinging
Batting: RHB Francisco Lafrosia 0-0: Ball
1-0: Swinging Strike
1-1: DOUBLE (Line Drive, 9LD, EV 101.3 MPH)
Batting: LHB Kyle Lynch 0-0: Ball
1-0: Foul Ball, location: 2F
1-1: SINGLE (Line Drive, 9LS, EV 98.8 MPH)
Francisco Lafrosia to third
Runner from 3rd tries for Home, SAFE, throw by RF to home
Batting: LHB Iemochi Sasaki 0-0: Called Strike
0-1: Ball
1-1: Ball
2-1: Ball
3-1: Foul Ball, location: 2F
3-2: SINGLE (Groundball, 56D, EV 104.4 MPH)
Kyle Lynch to second
Kyle Lynch to third
Batting: RHB Shao-qi Ng 0-0: Fly out, F7 (Line Drive, 7LM, EV 93.1 MPH)
Top of the 3rd over - 1 run, 3 hits, 0 errors, 2 left on base; Washington 4 - Pittsburgh 0
BOTTOM OF THE 3RD
Pittsburgh Pirates batting - Pitching for Washington Nationals : LHP Dan Gallaghe
Batting: LHB Kirila Naretha 0-0: Swinging Strike
0-1: Called Strike
0-2: Ball
1-2: Foul Ball, location: 7LDF
1-2: Strikes out looking
Batting: RHB Spencer Knight 0-0: Called Strike
0-1: Foul Ball, location: 7LMF
0-2: Fly out, F7 (Flyball, 7D, EV 96.9 MPH)
Batting: RHB Zong-yuan Yue 0-0: Ball
1-0: Ball
2-0: Ball
3-0: Called Strike
3-1: Called Strike
3-2: Strikes out swinging
Bottom of the 3rd over - 0 runs, 0 hits, 0 errors, 0 left on base; Washington 4 - Pittsburgh 0
TOP OF THE 4TH
Washington Nationals batting - Pitching for Pittsburgh Pirates : RHP Steve Morris
Batting: RHB Aureliano Cervantes 0-0: Fly out, F6 (Popup, 6, EV 65.6 MPH)
Batting: RHB Juan Díaz 0-0: Ball
1-0: Fly out, F8 (Flyball, 8LXD, EV 91.3 MPH)
Batting: RHB James Cantwell 0-0: Foul Ball, location: 2F
0-1: Called Strike
0-2: Foul Ball, location: 2F
0-2: Ball
1-2: Ball
2-2: Fly out, F9 (Flyball, 9, EV 90.0 MPH)
Top of the 4th over - 0 runs, 0 hits, 0 errors, 0 left on base; Washington 4 - Pittsburgh 0
BOTTOM OF THE 4TH
Pittsburgh Pirates batting - Pitching for Washington Nationals : LHP Dan Gallaghe
Batting: RHB George Alexander 0-0: Swinging Strike
0-1: Called Strike
0-2: Foul Ball, location: 2F
0-2: Ball
1-2: Strikes out looking
Batting: RHB António Martínez 0-0: Ball
1-0: Ball
2-0: Ball
3-0: Base on Balls
Batting: RHB Santiago Pérez 0-0: Called Strike
0-1: Called Strike
0-2: Fly out, F2 (Popup, 23F, EV 88.8 MPH)
Batting: LHB Lúcio Rivera 0-0: Ball
1-0: Ball
2-0: Ball
3-0: Base on Balls
António Martínez to second
Batting: RHB Luis Cervantes 0-0: Called Strike
0-1: Swinging Strike
0-2: Strikes out looking
Bottom of the 4th over - 0 runs, 0 hits, 0 errors, 2 left on base; Washington 4 - Pittsburgh 0
TOP OF THE 5TH
Washington Nationals batting - Pitching for Pittsburgh Pirates : RHP Steve Morris
Batting: RHB Cisco Jiménez 0-0: Swinging Strike
0-1: Swinging Strike
0-2: Foul Ball, location: 7LDF
0-2: Ball
1-2: Fly out, F8 (Line Drive, 8RM, EV 92.5 MPH)
Batting: LHB Gabriel Chacón 0-0: SINGLE (Line Drive, 6D, EV 95.0 MPH)
Batting: RHB Francisco Lafrosia 0-0: Ball
1-0: Called Strike
1-1: Ball
2-1: SINGLE (Groundball, 6MD, EV 100.0 MPH)
Gabriel Chacón to second
Runner from 2nd tries for 3rd, SAFE, no throw by CF
Batting: LHB Kyle Lynch 0-0: Ball
1-0: Foul Ball, location: 2F
1-1: Ball
2-1: SINGLE (Line Drive, 89S, EV 110.0 MPH)
Gabriel Chacón scores
Francisco Lafrosia to second
Pitching: RHP Brad Woodward
Batting: LHB Iemochi Sasaki 0-0: DOUBLE (Line Drive, 78M, EV 95.0 MPH)
Francisco Lafrosia scores
Kyle Lynch to third
Batting: RHB Shao-qi Ng 0-0: Called Strike
0-1: Ball
1-1: Swinging Strike
1-2: SINGLE (Groundball, 34D, EV 108.1 MPH) (infield hit)
Kyle Lynch scores
Iemochi Sasaki to third
Batting: RHB Aureliano Cervantes 0-0: Called Strike
0-1: Foul Ball, location: 2F
0-2: Foul Ball, location: 2F
0-2: Strikes out swinging
Batting: RHB Juan Díaz 0-0: Called Strike
0-1: Swinging Strike
0-2: Ball
1-2: Ball
2-2: SINGLE (Groundball, P, EV 80.0 MPH) (infield hit)
Iemochi Sasaki scores
Shao-qi Ng to second
Batting: RHB James Cantwell 0-0: Ball
1-0: Foul Ball, location: 2F
1-1: Foul Ball, location: 9LDF
1-2: Ball
2-2: Foul Ball, location: 9LSF
2-2: Foul Ball, location: 2RF
2-2: Foul Ball, location: 2F
2-2: Strikes out swinging
Top of the 5th over - 4 runs, 6 hits, 0 errors, 2 left on base; Washington 8 - Pittsburgh 0
BOTTOM OF THE 5TH
Pittsburgh Pirates batting - Pitching for Washington Nationals : LHP Dan Gallaghe
Batting: RHB John Simpson 0-0: Ball
1-0: Ball
2-0: Ground out 2-3 (Groundball, 2L, EV 72.5 MPH)
Batting: LHB Kirila Naretha 0-0: Foul Ball, location: 25F
0-1: Ball
1-1: Swinging Strike
1-2: Foul Ball, location: 5F
1-2: Ball
2-2: Ball
3-2: Base on Balls
Batting: RHB Spencer Knight 0-0: Ball
1-0: Called Strike
1-1: Foul Ball, location: 9LDF
1-2: SINGLE (Line Drive, 9LS, EV 101.9 MPH)
Kirila Naretha to second
Batting: RHB Zong-yuan Yue 0-0: Ball
1-0: Foul Ball, location: 2F
1-1: Ball
2-1: Ball
3-1: Called Strike
3-2: Base on Balls
Kirila Naretha to third
Spencer Knight to second
Batting: RHB George Alexander 0-0: Called Strike
0-1: Ball
1-1: Ball
2-1: Foul Ball, location: 5SF
2-2: Foul Ball, location: 2F
2-2: Hit by Pitch
Kirila Naretha scores
Spencer Knight to third
Zong-yuan Yue to second
Batting: RHB António Martínez 0-0: Foul Ball, location: 2F
0-1: Ball
1-1: Grounds into double play, 6-4-3 (Groundball, 6, EV 83.1 MPH)
Bottom of the 5th over - 1 run, 1 hit, 0 errors, 2 left on base; Washington 8 - Pittsburgh 1
TOP OF THE 6TH
Washington Nationals batting - Pitching for Pittsburgh Pirates : RHP Brad Woodward
Batting: RHB Cisco Jiménez 0-0: Swinging Strike
0-1: Ball
1-1: Foul Ball, location: 3FF
1-2: Strikes out swinging
Batting: LHB Gabriel Chacón 0-0: Ball
1-0: Called Strike
1-1: DOUBLE (Line Drive, 78D, EV 101.3 MPH)
Pitching: RHP Brian Giarratan
Batting: RHB Francisco Lafrosia 0-0: SINGLE (Flyball, 8LS, EV 93.8 MPH)
Gabriel Chacón to third
Batting: LHB Kyle Lynch 0-0: Swinging Strike
0-1: DOUBLE (Line Drive, 7LM, EV 111.3 MPH)
Gabriel Chacón scores
Francisco Lafrosia to third
Runner from 3rd tries for Home, SAFE, no throw by LF
Batting: LHB Iemochi Sasaki 0-0: Ball
1-0: Ball
2-0: Ball
3-0: Called Strike
3-1: SINGLE (Line Drive, 4D, EV 97.5 MPH)
Kyle Lynch to third
Batting: RHB Shao-qi Ng 0-0: Swinging Strike
0-1: Ball
1-1: Foul Ball, location: 2F
1-2: Strikes out swinging
Batting: RHB Aureliano Cervantes 0-0: Foul Ball, location: 9LDF
0-1: Called Strike
0-2: Strikes out swinging
Top of the 6th over - 2 runs, 4 hits, 0 errors, 2 left on base; Washington 10 - Pittsburgh 1
BOTTOM OF THE 6TH
Pittsburgh Pirates batting - Pitching for Washington Nationals : LHP Dan Gallaghe
Pitching: RHP Fernando Icaza
Batting: RHB Santiago Pérez 0-0: Called Strike
0-1: Ball
1-1: Ground out U3 (Groundball, 3L, EV 93.1 MPH)
Batting: LHB Lúcio Rivera 0-0: Ball
1-0: Ground out 4-3 (Groundball, 4, EV 103.1 MPH)
Batting: RHB Luis Cervantes 0-0: Ball
1-0: Ball
2-0: Foul Ball, location: 3FF
2-1: Foul Ball, location: 2F
2-2: Ball
3-2: Foul Ball, location: 5SF
3-2: Strikes out swinging
Bottom of the 6th over - 0 runs, 0 hits, 0 errors, 0 left on base; Washington 10 - Pittsburgh 1
TOP OF THE 7TH
Washington Nationals batting - Pitching for Pittsburgh Pirates : RHP Brian Giarratan
Batting: RHB Juan Díaz 0-0: Foul Ball, location: 9LMF
0-1: Swinging Strike
0-2: Ball
1-2: Ball
2-2: Strikes out looking
Batting: RHB James Cantwell 0-0: Swinging Strike
0-1: Ground out 4-3 (Groundball, 4M, EV 100.6 MPH)
Batting: RHB Cisco Jiménez 0-0: Called Strike
0-1: Ball
1-1: DOUBLE (Line Drive, 7LS, EV 105.6 MPH)
Batting: LHB Gabriel Chacón 0-0: Called Strike
0-1: Foul Ball, location: 5FF
0-2: Fly out, F4 (Popup, 4M, EV 63.8 MPH)
Top of the 7th over - 0 runs, 1 hit, 0 errors, 1 left on base; Washington 10 - Pittsburgh 1
BOTTOM OF THE 7TH
Pittsburgh Pirates batting - Pitching for Washington Nationals : RHP Fernando Icaza
Batting: RHB John Simpson 0-0: Ball
1-0: Foul Ball, location: 2RF
1-1: Foul Ball, location: 2F
1-2: Ball
2-2: Ball
3-2: Base on Balls
Batting: LHB Kirila Naretha 0-0: Called Strike
0-1: Ball
1-1: Foul Ball, location: 3F
1-2: Strikes out swinging
Batting: RHB Spencer Knight 0-0: Ball
1-0: Called Strike
1-1: Ball
2-1: Ball
3-1: Swinging Strike
3-2: Base on Balls
John Simpson to second
Batting: RHB Zong-yuan Yue 0-0: Called Strike
0-1: Ball
1-1: Called Strike
1-2: Strikes out swinging
Batting: RHB George Alexander 0-0: Foul Ball, location: 9LMF
0-1: Ball
1-1: Swinging Strike
1-2: Strikes out looking
Bottom of the 7th over - 0 runs, 0 hits, 0 errors, 2 left on base; Washington 10 - Pittsburgh 1
TOP OF THE 8TH
Washington Nationals batting - Pitching for Pittsburgh Pirates : RHP Brian Giarratan
Batting: RHB Francisco Lafrosia 0-0: Called Strike
0-1: Foul Ball, location: 25F
0-2: Ball
1-2: Ball
2-2: Fly out, F9 (Flyball, 9, EV 96.3 MPH)
Pitching: RHP Marcos Benítez
Batting: LHB Kyle Lynch 0-0: Ground out 6-3 (Groundball, 6, EV 78.1 MPH)
Batting: LHB Iemochi Sasaki 0-0: Foul Ball, location: 5F
0-1: Swinging Strike
0-2: Ball
1-2: Ball
2-2: Ball
3-2: Foul Ball, location: 2F
3-2: SINGLE (Flyball, 6MD, EV 91.9 MPH) - OUT at second base trying to stretch hit.
Top of the 8th over - 0 runs, 1 hit, 0 errors, 0 left on base; Washington 10 - Pittsburgh 1
BOTTOM OF THE 8TH
Pittsburgh Pirates batting - Pitching for Washington Nationals : RHP Fernando Icaza
Batting: RHB António Martínez 0-0: Called Strike
0-1: Ball
1-1: Swinging Strike
1-2: Ball
2-2: Foul Ball, location: 9LDF
2-2: Ball
3-2: SINGLE (Line Drive, 34, EV 98.8 MPH)
Pitching: RHP Ned Nichols
Batting: RHB Santiago Pérez 0-0: Called Strike
0-1: SINGLE (Line Drive, 6D, EV 103.1 MPH)
António Martínez to second
Batting: LHB Lúcio Rivera 0-0: Swinging Strike
0-1: Foul Ball, location: 7LSF
0-2: Strikes out swinging
Batting: RHB Luis Cervantes 0-0: Ball
1-0: Called Strike
1-1: Ball
2-1: Foul Ball, location: 2LF
2-2: Strikes out looking
Batting: RHB John Simpson 0-0: Ball
1-0: Fielders Choice at 2nd, U4 (Groundball, 4M, EV 87.5 MPH)
Bottom of the 8th over - 0 runs, 2 hits, 0 errors, 2 left on base; Washington 10 - Pittsburgh 1
TOP OF THE 9TH
Washington Nationals batting - Pitching for Pittsburgh Pirates : RHP Marcos Benítez
Batting: LHB Bailey Banks 0-0: Ball
1-0: Ball
2-0: Foul Ball, location: 3FF
2-1: Fly out, F8 (Flyball, 8RS, EV 87.5 MPH)
Batting: RHB Aureliano Cervantes 0-0: Ball
1-0: Ball
2-0: Foul Ball, location: 25F
2-1: Reached on error, E6 (Groundball, 6, EV 98.1 MPH)
Batting: RHB Juan Díaz 0-0: Ball
1-0: Grounds into double play, 6-4-3 (Groundball, 6, EV 94.4 MPH)
Top of the 9th over - 0 runs, 0 hits, 1 error, 0 left on base; Washington 10 - Pittsburgh 1
BOTTOM OF THE 9TH
Pittsburgh Pirates batting - Pitching for Washington Nationals : RHP Ned Nichols
Now at 3B: Gabriel Morán
Batting: LHB Kirila Naretha 0-0: Foul Ball, location: 2F
0-1: Ball
1-1: Ball
2-1: SINGLE (Line Drive, 6M, EV 101.3 MPH)
Batting: RHB Spencer Knight 0-0: Foul Ball, location: 3F
0-1: Swinging Strike
0-2: Strikes out swinging
Batting: RHB Zong-yuan Yue 0-0: Foul Ball, location: 5F
0-1: SINGLE (Line Drive, 8RS, EV 90.6 MPH)
Kirila Naretha to second
Batting: RHB George Alexander 0-0: Called Strike
0-1: Called Strike
0-2: Foul Ball, location: 5SF
0-2: Ball
1-2: Strikes out swinging
Batting: RHB António Martínez 0-0: Fly out, F7 (Flyball, 78M, EV 82.5 MPH)
Bottom of the 9th over - 0 runs, 2 hits, 0 errors, 2 left on base; Washington 10 - Pittsburgh 1
Saturday, April 27th , 2024 - OOTP Baseball 24.10 Build 82